Map: Deathaura LE

Players

TLHarstem (Harstem) - Winner!

  • Race: Protoss Protoss
  • League: Master
  • Spawn Location: 11:00

ShaDoWn

  • Race: Protoss Protoss
  • League: Master
  • Spawn Location: 5:00

Event: DreamHack SC2 Masters 2020 Winter

VOD

Have the link to the VOD?

Description

Time

  • Played on: Oct. 14, 2020, 1:56 p.m.
  • Length: 22:27

All games in this series

Show
View Real Time Build Order
Export as new Build Order

TLHarstem Protoss - Winner!

Build Orders: Double Forge, Phoenix Opening 

Get SALT Encoding   

  12  0:00  Probe  
  13  0:12  Probe  
  14  0:17  Pylon  
  14  0:24  Probe (Chrono Boost)  
  15  0:36  Probe (Chrono Boost)  
  15  0:38  Gateway  
  16  0:45  Probe (Chrono Boost)  
  16  0:48  Assimilator  
  17  0:51  Probe  
  17  0:56  Assimilator  
  18  1:03  Probe  
  19  1:09  Forge  
  19  1:15  Probe  
  20  1:26  Cybernetics Core  
  20  1:27  Probe  
  21  1:35  Pylon  
  21  1:39  Probe  
  22  1:47  Gateway  
  22  1:51  Probe  
  23  2:00  Adept (Chrono Boost)  
  23  2:08  Stargate  
  25  2:10  Probe  
  25  2:15  Warp Gate  
  26  2:29  Pylon  
  26  2:31  Stalker  
  26  2:34  Probe  
  28  2:50  Phoenix (Chrono Boost)  
  28  2:58  Probe  
  31  3:04  Gateway  
  31  3:10  Phoenix (Chrono Boost), Probe  
  32  3:30  Phoenix (Chrono Boost)  
  34  3:34  Nexus  
  34  3:39  Probe  
  35  3:52  Pylon  
  38  3:55  Probe  
  36  4:04  Twilight Council  
  36  4:07  Probe (Chrono Boost)  
  37  4:12  Adept x2  
  41  4:19  Probe (Chrono Boost)  
  42  4:28  Forge, Probe (Chrono Boost)  
  43  4:33  Sentry  
  43  4:35  Stalker  
  47  4:46  Probe  
  47  4:51  Probe  
  49  4:53  Phoenix  
  49  4:55  Blink (Chrono Boost)  
  49  4:58  Stalker, Probe  
  52  5:03  Probe  
  53  5:11  Probe (Chrono Boost)  
  51  5:15  Protoss Ground Weapons Level 1, Probe (Chrono Boost)  
  52  5:23  Stalker  
  52  5:25  Shield Battery  
  52  5:27  Probe (Chrono Boost)  
  56  5:28  Probe (Chrono Boost)  
  56  5:31  Pylon  
  56  5:32  Probe (Chrono Boost)  
  56  5:34  Probe (Chrono Boost)  
  58  5:41  Stalker  
  60  5:50  Nexus  
  60  5:51  Probe  
  60  5:54  Probe  
  60  5:55  Stalker  
  64  6:05  Gateway  
  64  6:07  Stalker  
  64  6:08  Probe  
  64  6:10  Probe  
  68  6:16  Pylon  
  68  6:18  Assimilator  
  68  6:20  Pylon, Probe  
  68  6:21  Pylon  
  68  6:23  Probe  
  70  6:32  Probe  
  69  6:35  Probe  
  69  6:36  Stalker x2  
  74  6:42  Gateway  
  74  6:44  Probe  
  75  6:49  Probe  
  75  6:50  Charge (Chrono Boost)  
  76  6:57  Gateway, Probe  
  76  6:59  Gateway  
  77  7:02  Probe x2  
  77  7:09  Probe  
  77  7:12  Stalker x2, Protoss Ground Weapons Level 2 (Chrono Boost)  
  82  7:17  Pylon, Probe  
  82  7:18  Probe  
  82  7:21  Pylon  
  82  7:22  Stalker  
  86  7:23  Probe  
  87  7:33  Probe  
  87  7:35  Probe  
  87  7:36  Assimilator  
  87  7:37  Assimilator  
  87  7:39  Assimilator, Templar Archives  
  87  7:41  Shield Battery  
  85  7:47  Gateway  
  85  7:49  Gateway  
  85  7:50  Photon Cannon  
  85  7:51  Probe  
  86  7:52  Probe  
  86  7:53  Probe  
  88  8:04  Gateway  
  88  8:05  Gateway, Probe  
  89  8:07  Stalker  
  89  8:12  Shield Battery  
  91  8:16  Robotics Facility  
  91  8:18  Zealot  
  92  8:20  Pylon  
  92  8:21  Zealot  
  92  8:23  High Templar x2  
  92  8:26  Shield Battery  
  98  8:27  Archon  
  98  8:28  Pylon  
  98  8:31  Zealot  
  100  8:38  Probe  
  100  8:40  Stalker, Pylon  
  103  8:43  Stalker  
  103  8:44  Pylon  
  103  8:45  Probe (Chrono Boost)  
  103  8:47  High Templar  
  103  8:52  High Templar, Zealot  
  103  8:54  Probe (Chrono Boost)  
  105  8:59  Probe (Chrono Boost)  
  105  9:00  Archon  
  105  9:01  Probe (Chrono Boost)  
  106  9:02  Zealot x2  
  106  9:04  Observer (Chrono Boost)  
  106  9:06  Probe (Chrono Boost)  
  106  9:08  Probe (Chrono Boost)  
  113  9:19  High Templar x2  
  113  9:20  Zealot x4  
  125  9:24  Zealot x2  
  129  9:32  Archon, Protoss Ground Weapons Level 3 (Chrono Boost)  
  129  9:36  Robotics Bay  
  129  9:43  Zealot x4  
  137  9:49  Photon Cannon  
  137  9:54  Photon Cannon  
  137  9:59  Probe  
  138  10:01  Robotics Facility  
  138  10:03  Pylon, Probe  
  137  10:09  Probe  
  137  10:11  Probe  
  135  10:15  Probe  
  135  10:21  Probe  
  137  10:23  Dark Shrine  
  133  10:29  Disruptor (Chrono Boost)  
  133  10:30  Sentry  
  133  10:33  Stalker, Probe  
  133  10:34  Stalker  
  143  10:37  Nexus  
  143  10:42  Probe  
  140  10:44  Pylon  
  140  10:49  Probe  
  141  10:50  Photon Cannon  
  141  10:51  Stalker, Disruptor (Chrono Boost)  
  141  10:53  Probe  
  141  10:54  Probe  
  144  11:01  Probe  
  139  11:05  Probe  
  139  11:06  Disruptor (Chrono Boost), Probe  
  139  11:07  Assimilator  
  144  11:13  Probe  
  145  11:19  Photon Cannon  
  145  11:21  Shield Battery  
  145  11:24  Assimilator  
  146  11:32  Disruptor (Chrono Boost)  
  146  11:36  Probe  
  146  11:37  Disruptor (Chrono Boost)  
  147  11:43  Stalker x2  
  147  11:45  Pylon  
  147  11:46  Pylon, Probe  
  154  11:53  Probe  
  155  11:56  Photon Cannon  
  155  11:57  Photon Cannon, Shadow Stride (Chrono Boost)  
  155  12:00  Disruptor  
  158  12:06  Disruptor  
  159  12:23  Phoenix  
  159  12:25  Dark Templar x4, Zealot  
  159  12:26  Dark Templar  
  171  12:36  Disruptor (Chrono Boost)  
  162  12:49  Disruptor (Chrono Boost)  
  162  12:53  Gravitic Boosters (Chrono Boost)  
  162  12:57  Nexus  
  162  12:59  Photon Cannon, Zealot  
  162  13:00  Zealot  
  164  13:06  Observer (Chrono Boost)  
  164  13:08  Photon Cannon  
  165  13:14  Probe  
  165  13:16  Probe  
  165  13:19  Photon Cannon  
  167  13:21  Probe  
  167  13:22  Dark Templar x2  
  167  13:23  Dark Templar, Pylon x2  
  167  13:26  Photon Cannon  
  174  13:29  Shield Battery  
  168  13:43  Pylon  
  168  13:44  Zealot x7  
  175  13:57  Dark Templar, Zealot x2  
  177  14:05  Disruptor x2 (Chrono Boost)  
  177  14:08  Zealot x5  
  181  14:10  Photon Cannon  
  181  14:15  Stargate  
  181  14:19  Fleet Beacon  
  181  14:24  Stalker x3  
  187  14:25  Protoss Air Weapons Level 1 (Chrono Boost)  
  187  14:26  Probe  
  187  14:30  Zealot x2  
  167  14:33  Zealot, Observer (Chrono Boost)  
  153  14:54  Stalker x5  
  153  14:55  Stalker x2  
  165  15:12  Mothership (Chrono Boost)  
  171  15:22  Observer  
  172  15:45  Nexus  
  172  15:46  Photon Cannon  
  172  15:47  Photon Cannon, Dark Templar x2  
  172  15:48  Dark Templar x5  
  172  15:49  Photon Cannon  
  186  15:52  Pylon  
  186  15:53  Observer  
  187  16:08  Pylon  
  187  16:09  Photon Cannon  
  187  16:10  Shield Battery  
  185  16:20  Zealot x7  
  173  16:33  Dark Templar, Zealot x2  
  173  16:39  Protoss Air Weapons Level 2 (Chrono Boost)  
  153  16:41  Disruptor x2 (Chrono Boost)  
  153  16:47  Stalker x2  
  150  16:59  Zealot x3  
  156  17:08  Disruptor  
  156  17:10  Stalker x4  
  167  17:17  Zealot x2  
  159  17:34  Zealot x5  
  163  17:37  Disruptor (Chrono Boost)  
  163  17:43  Disruptor (Chrono Boost)  
  161  17:55  Photon Cannon, Probe (Chrono Boost)  
  161  17:57  Photon Cannon  
  161  17:58  Photon Cannon  
  163  18:03  Probe (Chrono Boost)  
  163  18:06  Disruptor (Chrono Boost)  
  166  18:12  Disruptor  
  166  18:15  Nexus  
  166  18:17  Oracle  
  166  18:18  Pylon  
  167  18:30  Pylon  
  167  18:31  Probe  
  168  18:39  Disruptor  
  171  18:48  Disruptor  
  171  18:51  Stalker x6  
  171  18:52  Stalker x2  
  160  19:11  Photon Cannon  
  160  19:14  Disruptor  
  160  19:15  Oracle  
  163  19:24  Disruptor  
  163  19:25  Dark Templar  
  163  19:26  Dark Templar x3  
  174  19:34  Shield Battery  
  174  19:36  Oracle  
  177  19:40  Photon Cannon  
  177  19:44  Pylon  
  177  19:50  Disruptor  
  177  19:52  Tempest  
  182  19:59  Disruptor  
  182  20:02  Dark Templar x2  
  189  20:19  Zealot x8  
  195  20:26  Disruptor  
  198  20:35  Disruptor  
  190  20:44  Zealot x6  
  196  20:53  Stalker x2  
  198  21:11  Disruptor  
  168  21:29  Dark Templar x2, Zealot  
  168  21:30  Zealot x7  
  188  21:35  Photon Cannon x2  
  188  21:38  Shield Battery  
  186  21:52  Zealot x2  
  199  21:59  Stalker x4  
  183  22:11  Zealot x4  
Show
View Real Time Build Order
Export as new Build Order

ShaDoWn Protoss 

Build Orders: Phoenix Opening, Zealot Archon 

Get SALT Encoding   

  12  0:00  Probe  
  13  0:12  Probe  
  14  0:17  Pylon  
  14  0:25  Probe (Chrono Boost)  
  15  0:37  Gateway, Probe (Chrono Boost)  
  16  0:45  Probe (Chrono Boost)  
  16  0:48  Assimilator  
  17  0:51  Probe  
  18  1:00  Pylon  
  18  1:03  Probe (Chrono Boost)  
  19  1:08  Assimilator  
  19  1:15  Probe (Chrono Boost)  
  20  1:23  Probe (Chrono Boost)  
  20  1:25  Cybernetics Core  
  21  1:29  Probe  
  22  1:38  Pylon  
  21  1:41  Probe  
  22  1:54  Probe  
  23  2:00  Adept (Chrono Boost)  
  25  2:02  Warp Gate  
  25  2:06  Probe  
  26  2:12  Stargate  
  26  2:18  Probe  
  26  2:21  Stalker (Chrono Boost)  
  29  2:37  Nexus  
  29  2:44  Probe  
  30  2:56  Probe  
  35  3:07  Phoenix  
  35  3:12  Probe  
  32  3:24  Probe  
  33  3:36  Pylon  
  33  3:42  Gateway  
  33  3:44  Pylon  
  33  3:49  Phoenix (Chrono Boost), Probe  
  33  3:50  Probe  
  37  3:56  Stalker  
  37  4:01  Probe  
  37  4:02  Shield Battery  
  40  4:03  Probe  
  40  4:06  Phoenix (Chrono Boost)  
  43  4:15  Probe (Chrono Boost)  
  43  4:16  Probe (Chrono Boost)  
  45  4:22  Sentry  
  47  4:26  Robotics Facility, Probe (Chrono Boost)  
  47  4:29  Probe (Chrono Boost)  
  49  4:31  Probe (Chrono Boost)  
  49  4:37  Probe  
  51  4:39  Forge  
  51  4:41  Probe  
  52  4:46  Pylon  
  52  4:51  Probe (Chrono Boost)  
  52  4:52  Phoenix  
  55  4:53  Probe (Chrono Boost)  
  55  4:57  Assimilator x2  
  56  5:05  Probe (Chrono Boost)  
  57  5:07  Probe (Chrono Boost)  
  57  5:10  Probe (Chrono Boost)  
  62  5:17  Probe  
  62  5:19  Protoss Ground Weapons Level 1, Probe  
  62  5:24  Phoenix (Chrono Boost), Pylon  
  60  5:29  Probe  
  60  5:31  Probe  
  60  5:34  Twilight Council  
  62  5:38  Pylon  
  62  5:40  Phoenix (Chrono Boost)  
  62  5:42  Probe, Immortal (Chrono Boost)  
  69  5:54  Nexus  
  69  6:00  Probe  
  70  6:04  Sentry  
  70  6:09  Pylon  
  70  6:11  Gateway  
  72  6:12  Gateway  
  72  6:13  Observer (Chrono Boost)  
  72  6:15  Charge  
  72  6:18  Zealot  
  75  6:23  Pylon, Probe x2  
  75  6:35  Probe x2  
  75  6:40  Immortal (Chrono Boost)  
  79  6:49  Gateway  
  79  6:51  Gateway  
  79  6:52  Probe  
  80  7:00  Templar Archives  
  80  7:01  Probe  
  81  7:02  Gateway  
  81  7:04  Probe  
  81  7:06  Probe  
  82  7:13  Probe  
  83  7:16  Warp Prism (Chrono Boost), Gateway  
  83  7:19  Zealot x2  
  89  7:27  Probe  
  89  7:28  Probe  
  90  7:31  Protoss Ground Weapons Level 2 (Chrono Boost)  
  90  7:32  Probe  
  90  7:35  Zealot x2  
  95  7:39  Probe  
  95  7:43  Pylon  
  96  7:45  High Templar x2  
  96  7:47  Probe  
  96  7:50  High Templar x2, Archon  
  105  7:55  Probe  
  105  7:58  Assimilator x2, Pylon  
  106  8:00  Zealot  
  106  8:03  Pylon  
  108  8:05  Archon  
  108  8:10  Zealot x2  
  108  8:11  Pylon  
  112  8:18  Photon Cannon  
  112  8:22  High Templar  
  112  8:23  High Templar, Zealot x4  
  112  8:26  Photon Cannon  
  124  8:27  Photon Cannon  
  124  8:28  Archon  
  124  8:40  High Templar  
  126  8:41  High Templar  
  128  8:50  Zealot x4  
  128  8:54  Archon  
  136  8:56  Probe x2  
  136  9:00  Zealot x2  
  140  9:10  Pylon  
  140  9:13  Nexus  
  140  9:21  Pylon  
  140  9:22  Pylon  
  140  9:23  Pylon  
  140  9:25  Pylon  
  140  9:30  High Templar x4  
  148  9:33  Pylon  
  148  9:34  Archon  
  148  9:35  Archon  
  148  9:37  Probe  
  149  9:39  Pylon  
  149  9:41  Warp Prism  
  149  9:42  Protoss Ground Weapons Level 3 (Chrono Boost)  
  149  9:44  High Templar x2, Zealot x2  
  155  9:46  Probe  
  155  9:49  Archon  
  155  9:51  Probe  
  157  9:54  Photon Cannon, Shield Battery  
  157  10:01  Robotics Bay, Robotics Facility  
  157  10:02  Probe  
  157  10:04  Probe  
  157  10:06  Probe  
  160  10:12  Zealot x6  
  168  10:25  Shield Battery  
  168  10:29  Assimilator  
  168  10:31  Assimilator  
  168  10:35  Photon Cannon  
  168  10:36  Shield Battery  
  168  10:44  Disruptor (Chrono Boost)  
  168  10:45  Disruptor (Chrono Boost)  
  174  11:07  Probe x3  
  177  11:11  Dark Shrine  
  177  11:12  Blink (Chrono Boost)  
  177  11:13  Disruptor x2  
  183  11:21  Nexus  
  181  11:27  Zealot x5  
  187  11:51  Disruptor x2  
  182  11:54  Photon Cannon  
  182  11:57  Photon Cannon  
  182  11:58  Photon Cannon  
  180  12:13  Pylon  
  180  12:14  Pylon  
  180  12:22  Shadow Stride (Chrono Boost)  
  174  12:26  Disruptor x2  
  167  12:35  Dark Templar x2  
  167  12:36  Zealot x6  
  183  12:40  Nexus  
  183  12:41  Pylon  
  183  12:52  Probe  
  184  13:02  Disruptor  
  184  13:03  Observer  
  185  13:13  Photon Cannon, Shield Battery  
  185  13:14  Stalker x7  
  185  13:18  Photon Cannon  
  185  13:19  Photon Cannon, Nexus  
  197  13:21  Photon Cannon  
  197  13:23  Photon Cannon  
  197  13:30  Pylon  
  197  13:38  Photon Cannon, Probe  
  197  13:39  Probe  
  199  13:51  Photon Cannon  
  182  14:07  Zealot x7  
  182  14:08  Disruptor, Observer  
  176  14:16  Probe x2  
  168  14:23  Stalker  
  170  14:27  Pylon  
  170  14:29  Disruptor  
  169  14:32  Stalker x4  
  169  14:33  Stalker x3  
  183  14:44  Disruptor  
  186  14:48  Protoss Shields Level 1 (Chrono Boost)  
  186  14:52  Stargate, Oracle  
  186  14:59  Shield Battery  
  180  15:01  Photon Cannon  
  180  15:03  Dark Templar  
  180  15:04  Disruptor  
  185  15:18  Dark Templar x3  
  185  15:19  Dark Templar x2, Disruptor  
  196  15:32  Stalker x2  
  194  15:40  Disruptor  
  197  15:43  Shield Battery  
  197  15:48  Pylon  
  197  15:51  Photon Cannon  
  195  16:01  Zealot x2  
  199  16:05  Photon Cannon  
  199  16:09  Photon Cannon  
  198  16:21  Assimilator  
  198  16:24  Stalker  
  200  16:28  Photon Cannon  
  200  16:29  Photon Cannon  
  200  16:30  Photon Cannon  
  200  16:31  Photon Cannon  
  199  16:33  Photon Cannon  
  199  16:36  Photon Cannon  
  195  16:49  Stalker x2  
  197  17:00  Assimilator  
  176  17:08  Stalker  
  176  17:09  Stalker x5  
  176  17:11  Disruptor x2  
  163  17:37  Stalker x8  
  177  17:46  Disruptor x2  
  183  17:55  Fleet Beacon  
  183  18:02  Gateway  
  183  18:04  Gateway  
  183  18:07  Stalker x7  
  197  18:22  Disruptor  
  182  18:29  Stalker  
  182  18:33  Stalker x7  
  198  18:34  Assimilator  
  195  18:58  Disruptor  
  170  19:02  Stalker x2  
  170  19:03  Stalker x8  
  190  19:11  Oracle  
  186  19:25  Dark Templar x3  
  186  19:26  Dark Templar x4  
  200  19:59  Disruptor x2  
  197  20:01  Zealot  
  195  20:11  Nexus  
  195  20:13  Pylon  
  188  20:31  Zealot x7  
  188  20:32  Zealot x3  
  188  20:33  Zealot x10  
  188  20:34  Disruptor  
  189  20:48  Disruptor  
  189  20:49  Shield Battery  
  176  20:52  Photon Cannon x2  
  176  20:54  Photon Cannon  
  168  21:04  Stalker x9  
  168  21:05  Stalker  
  168  21:10  Disruptor  
  156  21:24  Observer  
  151  21:28  Stalker  
  151  21:29  Stalker x6  
  165  21:33  Nexus  
  160  21:47  Shield Battery  
  160  21:48  Photon Cannon  
  87  22:23  Sentry x10  
Tags
 
Add a new tag
Caveats
  • Supply blocks, unpowered buildings, or Contaminate may cause inaccurate times.
  • Supply counts are checked every 10 seconds.